Map: Jagannatha LE

Players

Erik

  • Race: Zerg Zerg
  • League: Master

TheZergLord - Winner!

  • Race: Zerg Zerg

Event: DreamHack SC2 Masters 2021 Summer

VOD

Have the link to the VOD?

Description

Time

  • Played on: May 19, 2021, 3:59 p.m.
  • Length: 5:13

All games in this series

Show
View Real Time Build Order
Export as new Build Order

Erik Zerg 

Build Orders: Pool First 

Get SALT Encoding   

  12  0:00  Drone  
  13  0:10  Drone  
  14  0:15  Extractor, Drone  
  15  0:21  Overlord  
  15  0:37  Spawning Pool  
  15  0:41  Drone  
  15  0:44  Drone  
  15  0:48  Drone  
  17  0:50  Extractor  
  17  0:54  Drone  
  17  1:14  Hatchery  
  16  1:24  Zergling x4  
  18  1:28  Zergling x2  
  19  1:38  Queen  
  21  1:42  Zergling x2  
  22  1:51  Metabolic Boost  
  22  1:57  Overlord  
  22  2:02  Extractor  
  22  2:03  Drone  
  23  2:16  Queen  
  23  2:17  Drone  
  23  2:20  Drone  
  27  2:27  Drone  
  28  2:33  Drone  
  29  2:38  Drone  
  28  2:47  Zergling x8  
  28  2:51  Zergling x2  
  32  2:56  Zergling x2  
  33  2:59  Overlord  
  33  3:07  Overlord  
  33  3:12  Drone  
  33  3:22  Drone x4  
  37  3:30  Roach Warren  
  37  3:31  Drone  
  37  3:37  Drone  
  38  3:42  Drone x2  
  37  3:52  Evolution Chamber  
  37  3:55  Evolution Chamber  
  35  3:56  Drone  
  35  4:03  Lair  
  35  4:05  Overlord  
  35  4:12  Roach x5  
  44  4:19  Drone x4  
  44  4:22  Extractor  
  44  4:24  Extractor  
  45  4:27  Evolution Chamber  
  45  4:29  Evolution Chamber  
  43  4:34  Evolution Chamber  
  43  4:38  Evolution Chamber  
  41  4:46  Zergling x10  
  46  4:53  Zergling x8  
Show
View Real Time Build Order
Export as new Build Order

TheZergLord Zerg - Winner!

Build Orders: Hatch First 

Get SALT Encoding   

  12  0:00  Drone  
  13  0:12  Overlord  
  13  0:17  Drone  
  14  0:30  Drone x2  
  16  0:48  Hatchery  
  15  0:51  Drone  
  15  0:55  Drone  
  17  0:58  Drone  
  18  1:08  Extractor  
  17  1:13  Spawning Pool  
  17  1:18  Drone  
  17  1:20  Drone  
  18  1:29  Drone  
  19  1:39  Drone  
  20  1:44  Evolution Chamber  
  19  2:00  Queen x2  
  25  2:01  Zergling x6  
  26  2:10  Zerg Melee Weapons Level 1  
  26  2:11  Zergling x2  
  27  2:18  Overlord  
  27  2:31  Drone  
  24  2:47  Metabolic Boost  
  24  2:50  Drone x2  
  26  2:54  Zergling x8  
  30  3:01  Queen  
  32  3:05  Overlord  
  32  3:08  Zergling x2  
  33  3:20  Zergling x4  
  33  3:25  Zergling x2  
  33  3:26  Zergling x10  
  41  3:34  Overlord  
  40  3:45  Zergling x4  
  40  3:51  Zergling x4  
  42  4:00  Zergling x4  
  42  4:01  Zergling x4  
  46  4:12  Zergling x4  
  46  4:13  Zergling x6  
  51  4:26  Zergling x2  
  51  4:30  Overlord x4  
  51  4:38  Zergling x2  
  50  4:44  Zergling x2  
  47  4:51  Zergling x6  
  47  4:52  Zergling x10  
Tags
 
Add a new tag
Caveats
  • Supply blocks, unpowered buildings, or Contaminate may cause inaccurate times.
  • Supply counts are checked every 10 seconds.